 Dungeon Crawl Stone Soup version 0.29.0-5-ge4962eb29e (webtiles) character file.

Game seed: 1315020642322463488

55 nickcage the Poker (level 3, -2/27 HPs)
             Began as a Merfolk Gladiator on Aug 29, 2022.
             Slain by a goblin
             ... wielding a +0 club
              (3 damage)
             ... on level 2 of the Dungeon.
             The game lasted 00:02:33 (1372 turns).

nickcage the Poker (Merfolk Gladiator)              Turns: 1372, Time: 00:02:34

Health: -2/27      AC:  4    Str: 16    XL:     3   Next: 93%
Magic:  3/3        EV: 13    Int:  7    God:
Gold:   9          SH:  0    Dex: 15    Spells: 2/2 levels left

rFire   . . .      SeeInvis .   a - +0 trident
rCold   . . .      Faith    .   (no shield)
rNeg    . . .      Spirit   .   b - +0 leather armour
rPois   .          Reflect  .   c - +0 helmet
rElec   .          Harm     .   (no cloak)
rCorr   .          Rampage  .   (no gloves)
Will    .....                   (no boots)
Stlth   +.........              (no amulet)
HPRegen 0.09/turn               (no ring)
MPRegen 0.08/turn               (no ring)

@: no status effects
A: (nimble swimmer 2), mertail
a: no special abilities


You were on level 2 of the Dungeon.
You visited 1 branch of the dungeon, and saw 2 of its levels.

You collected 9 gold pieces.

Inventory:

Hand Weapons
 a - a +0 trident (weapon)
Missiles
 d - 3 throwing nets (quivered)
 e - a javelin
Armour
 b - a +0 leather armour (worn)
 c - a +0 helmet (worn)
Scrolls
 f - a scroll of noise {unknown}
 h - a scroll of magic mapping {unknown}
 k - 3 scrolls of vulnerability {unknown}
 l - a scroll of identify {unknown}
Potions
 g - 2 potions of haste {unknown}
 i - a potion of lignification {unknown}
 j - a potion of heal wounds {unknown}


   Skills:
 - Level 2.1 Fighting
 + Level 6.2 Polearms
 - Level 2.0 Throwing
 - Level 4.0 Dodging


You had 2 spell levels left.
You didn't know any spells.
Your spell library was empty.

Dungeon Overview and Level Annotations

Branches:
Dungeon (2/15)

Altars:


Innate Abilities, Weirdness & Mutations

((You are very nimble when in or above water. (Stealth+, EV+, Speed+++)))
Your lower body shifts to a powerful aquatic tail in water.


Message History

There is a stone staircase leading up here.
You climb upwards.
There is a stone staircase leading down here.
You start resting.
HP restored.
You climb downwards.
The gnoll hits you with a +0 flail! The goblin barely misses you.
There is a stone staircase leading up, spattered with blood here.
You puncture the gnoll!
The gnoll is heavily wounded.
The gnoll closely misses you. The goblin closely misses you.
You closely miss the gnoll.
The gnoll is heavily wounded.
The gnoll hits you with a +0 flail. The gnoll closely misses you.
The goblin closely misses you.
You hit the gnoll but do no damage.
The gnoll is heavily wounded.
The gnoll barely misses you. The gnoll misses you.
The goblin completely misses you.
You completely miss the gnoll.
The gnoll is heavily wounded.
The gnoll barely misses you. The goblin misses you.
The gnoll closely misses you.
You hit the gnoll.
The gnoll is severely wounded.
The gnoll barely misses you. The goblin closely misses you.
The gnoll hits you with a +0 flail!
* * * LOW HITPOINT WARNING * * *
You are too injured to fight recklessly!
You are too injured to fight recklessly!
You are too injured to fight recklessly!
You barely miss the gnoll.
The gnoll is severely wounded.
The gnoll barely misses you. x2; The goblin hits you but does no damage.
You puncture the gnoll!
You kill the gnoll!
The goblin closely misses you. The gnoll hits you with a +0 flail!
* * * LOW HITPOINT WARNING * * *
The goblin attacks as you move away! The goblin hits you with a +0 club.
You die...

..... ......#########
.....gg)......#
......######.## ..#.
..... #.# ..#.. ....
#####.# ..... ###
#.....#
.....############.###
.......@g.......#.#
....#.)g..รท...#.#.#
. #.........#.#.#
#.........#.#.#
#.........#.#.#
#.........#.#.#
#.........#.#g#
###.........#.#
#.######..#.#


You could see a gnoll and a goblin.

Vanquished Creatures
  2 gnolls (D:2)
  2 dart slugs (D:1)
  A ball python (D:1)
  3 endoplasms
  2 giant cockroaches (D:1)
  A goblin (D:1)
  2 hobgoblins
  5 quokkas (D:1)
  2 bats (D:1)
  3 frilled lizards (D:1)
  2 kobolds (D:1)
  5 rats
30 creatures vanquished.

Notes
Turn   | Place    | Note
-------+----------+-------------------------------------------
     0 | D:1      | nickcage the Merfolk Gladiator began the quest for the Orb.
     0 | D:1      | Reached XP level 1. HP: 16/16 MP: 1/1
   244 | D:1      | Reached XP level 2. HP: 10/22 MP: 2/2
   491 | D:1      | Reached skill level 5 in Polearms
   772 | D:1      | Reached XP level 3. HP: 25/27 MP: 3/3
  1155 | D:2      | Reached skill level 6 in Polearms
  1371 | D:2      | HP: 1/27 [gnoll/+0 flail (7)]
  1372 | D:2      | Slain by a goblin

Illustrated notes

Levels and vault maps discovered:
D:1:      psy_arrival_statuary, layout_loops_ring, minmay_misc_feat_plants,
          moated_statue
D:2:      layout_basic, minmay_misc_feat_nine_boxes, minmay_domino_2

Skill      XL: |  1  2  3 |
---------------+----------+-----
Polearms       | 5 6 |  6.2
Fighting       | |  2.1
Throwing       | |  2.0
Dodging        | |  4.0

Action                   || total
-------------------------++-------
Melee: Trident           ||    88
 Stab: Sleeping          ||     2
Armor: Leather armour    ||    17
Dodge: Dodged            ||    63
